 Dungeon Crawl Stone Soup version 0.23-a0-175-g97aacdb (webtiles) character file.

12199 topirishpotato the Grappler (level 11, -2/94 HPs)
             Began as a Troll Monk on Sept 17, 2018.
             Was a High Priest of Cheibriados.
             Slain by a skeletal warrior
             ... wielding a +0 scimitar
              (22 damage)
             ... on level 11 of the Dungeon.
             The game lasted 00:22:34 (7340 turns).

topirishpotato the Grappler (Troll Monk)            Turns: 7340, Time: 00:22:35

Health: -2/94      AC: 10    Str: 34    XL:     11   Next: 59%
Magic:  13/13      EV: 17    Int: 19    God:    Cheibriados [*****.]
Gold:   616        SH:  0    Dex: 28    Spells: 10/10 levels left

rFire    + . .     SeeInvis .     - Unarmed
rCold    + . .     Gourm    +   (no shield)
rNeg     . . .     Faith    .   C - +0 troll leather armour
rPois    +         Spirit   .   t - +0 hat
rElec    .         Reflect  .   n - scarf {rC+ rF+}
rCorr    .         Harm     .   (gloves unavailable)
MR       .....                  (boots unavailable)
Stlth    ++........             (no amulet)
HPRegen  1.05/turn              E - +3 ring of protection
MPRegen  0.13/turn              p - ring of poison resistance

@: very slightly contaminated, very slow
A: large, unfitting armour, claws 3, fast metabolism 3, gourmand, regeneration
1, shaggy fur 1, tough skin 2
a: Bend Time, Temporal Distortion, Slouch, Step From Time, Renounce Religion


You were on level 11 of the Dungeon.
You worshipped Cheibriados.
Cheibriados was extremely pleased with you.
You were completely stuffed.

You visited 1 branch of the dungeon, and saw 10 of its levels.

You collected 785 gold pieces.
You spent 169 gold pieces at shops.

Inventory:

Armour
 n - a scarf of resistance (worn)
 t - a +0 hat (worn)
 C - a +0 troll leather armour (worn)
 H - a +1 robe of resistance
Jewellery
 a - an uncursed ring of positive energy
 l - an uncursed ring of magical power
 p - a ring of poison resistance (right claw)
 E - a +3 ring of protection (left claw)
 J - an uncursed ring of protection from magic
Wands
 w - a wand of flame (26)
 y - a wand of paralysis (16)
 z - a wand of polymorph (14)
 G - a wand of digging (6)
 K - a wand of scattershot (4)
 L - a wand of acid (6)
Scrolls
 c - 2 scrolls of remove curse
 e - 3 scrolls of immolation
 f - 7 scrolls of teleportation
 k - 2 scrolls of amnesia {unknown}
 m - a scroll of fear {unknown}
 q - 3 scrolls of blinking
 r - a scroll of acquirement {unknown}
 s - a scroll of fog
 u - a scroll of torment {unknown}
 B - 2 scrolls of enchant armour {unknown}
 D - a scroll of brand weapon {unknown}
Potions
 d - 4 potions of brilliance
 g - a potion of resistance
 h - a potion of flight
 i - a potion of magic
 j - a potion of curing
 o - 2 potions of lignification
 A - 2 potions of mutation {unknown}
 F - a potion of invisibility {unknown}
Comestibles
 b - 13 rations


   Skills:
 - Level 2.4 Fighting
 - Level 4.3 Armour
 + Level 7.3 Dodging
 - Level 1.0 Stealth
 - Level 14.6 Unarmed Combat
 * Level 4.5 Invocations


You had 10 spell levels left.
You didn't know any spells.
Your spell library contained the following spells:

 Spells                   Type           Power        Failure   Level  Hunger
 Animate Skeleton         Necr           N/A          22%         1    ##.....
 Apportation              Tloc           #.....       22%         1    ##.....
 Confusing Touch          Hex            #.....       22%         1    ##.....
 Summon Small Mammal      Summ           #...         22%         1    ##.....


Dungeon Overview and Level Annotations

Branches:
Dungeon (11/15)              Lair (0/6) D:11            Orc (0/2) D:9
 Temple: D:4-7

Altars:
Ashenzari
Cheibriados
Qazlal
Ru
Wu Jian
Yredelemnul
Zin
The Shining One

Shops:
D:4 *%


Innate Abilities, Weirdness & Mutations

You are too large for most types of armour.
You have claws for hands.
Your metabolism is lightning-fast.
You like to eat raw meat.
Your natural rate of healing is unusually fast.
You are covered in fur. (AC +1)
You have very tough skin. (AC +2)


Message History

You feel better.
The skeletal warrior hits you with a scimitar!
* * * LOW HITPOINT WARNING * * *
Blink to where?
Press: ? - help, Dir - move target cursor You are very lightly contaminated with residual magic.
As you read the scroll of blinking, it crumbles to dust.
Okay, then.
All of the chunks of flesh in your inventory have rotted away.
The killer bee misses you. The killer bee completely misses you.
The killer bee stings you but does no damage.
You closely miss the killer bee. You claw the killer bee!
You kill the killer bee!
Cheibriados thoroughly appreciates the change of pace.
You barely miss the skeletal warrior.
The skeletal warrior is heavily damaged.
You closely miss the skeletal warrior. Your claw misses the skeletal warrior.
The skeletal warrior is heavily damaged.
The skeletal warrior hits you with a scimitar!!
You die...

#..........# #.......#
#......(...# #####'###
#######(#### ###((# #...÷.#
#.)†## ##'####### ###.###
#........# #...#
#........#####.#####
#........+..#......#
###........##@#......#
####.)÷.......##z#......#
#....#).......##...z....#
..####...>....####......########.
.## #........# #.....(.....§)y.
## ########## #......########.
##.##### #.....# #######'###


You could see a skeletal warrior.

Vanquished Creatures
  Josephine (D:10)
  Erica (D:9)
  3 skeletal warriors (D:11)
  A manticore (D:11)
  A cyclops (D:11)
  A centaur zombie (D:10)
  Psyche (D:10)
  A troll (D:10)
  A hippogriff (D:8)
  4 wraiths (D:10)
  A human (D:9)
  5 yaks (D:11)
  Menkaure (D:4)
  A soldier ant (D:10)
  2 sky beasts
  2 black bears
  8 ogres
  9 orc warriors
  5 phantoms
  6 centaurs
  8 bullfrogs
  A wyvern skeleton (D:10)
  3 scorpions
  14 killer bees
  The ghost of Stormious the Stinger, a weakling DrVM (D:3)
  A howler monkey (D:4)
  5 crimson imps
  A quasit (D:9)
  A bullfrog zombie (D:11)
  5 hounds
  4 orc priests
  A centaur skeleton (D:4)
  3 jellies
  14 orc wizards
  A bullfrog skeleton (D:8)
  4 iguanas
  4 worker ants
  A howler monkey zombie (D:6)
  4 gnolls (D:6)
  15 adders
  4 shadow imps
  2 oozes (D:2)
  An adder skeleton (D:4)
  4 worms
  4 leopard geckos
  32 orcs
  A ball python (D:2)
  7 giant cockroaches
  A goblin (D:3)
  6 hobgoblins
  3 jackals (D:10)
  6 kobolds
  6 bats
  3 frilled lizards
  7 rats
233 creatures vanquished.

Notes
Turn   | Place    | Note
-------+----------+-------------------------------------------
     0 | D:1      | topirishpotato the Troll Monk began the quest for the Orb.
     0 | D:1      | Reached XP level 1. HP: 22/22 MP: 0/0
   177 | D:1      | Reached XP level 2. HP: 27/29 MP: 1/1
   469 | D:2      | Reached skill level 4 in Unarmed Combat
   543 | D:2      | Reached XP level 3. HP: 29/36 MP: 2/2
  1178 | D:3      | Reached XP level 4. HP: 44/44 MP: 3/3
  1197 | D:3      | Reached skill level 5 in Unarmed Combat
  1246 | D:3      | Found a large runed door.
  1246 | D:3      | Found a large runed door.
  1247 | D:3      | Noticed Stormious's ghost (weakling DrVM)
  1277 | D:3      | Found a shattered altar of Ashenzari.
  1277 | D:3      | Found a glowing silver altar of Zin.
  1278 | D:3      | Found an ornate altar of the Wu Jian Council.
  1771 | D:3      | Killed Stormious's ghost
  1771 | D:3      | Reached XP level 5. HP: 47/50 MP: 4/4
  1830 | D:4      | Noticed a phantom
  1839 | D:4      | Reached skill level 6 in Unarmed Combat
  1862 | D:4      | Killed a phantom
  1862 | D:4      | Reached XP level 6. HP: 43/59 MP: 5/5
  1999 | D:4      | Noticed Menkaure
  2004 | D:4      | Killed Menkaure
  2004 | D:4      | Reached skill level 7 in Unarmed Combat
  2336 | D:4      | Reached skill level 8 in Unarmed Combat
  2336 | D:4      | Reached XP level 7. HP: 44/66 MP: 6/6
  2381 | D:4      | Found Cusigoal's Assorted Antiques.
  2386 | D:4      | Bought a scroll labeled DOACHE QA DEZ for 22 gold pieces
  2386 | D:4      | Bought a runed robe for 81 gold pieces
  2386 | D:4      | Bought a scroll labeled MACROC SICWU for 22 gold pieces
  2499 | D:4      | Bought a scroll of identify for 44 gold pieces
  2606 | D:4      | Found Buniug's Food Shoppe.
  2724 | D:5      | Entered Level 5 of the Dungeon
  2738 | D:5      | Found a sacrificial altar of Ru.
  2894 | D:5      | Reached skill level 9 in Unarmed Combat
  3530 | D:6      | Reached XP level 8. HP: 45/74 MP: 7/7
  3547 | D:6      | Reached skill level 10 in Unarmed Combat
  3548 | D:6      | Found a stormy altar of Qazlal.
  3639 | D:6      | Got an ancient war axe
  3659 | D:6      | You fall through a shaft for 2 floors!
  3661 | D:8      | Identified the +7 war axe of the Depths {freeze, rF+} (You
                  | found it on level 6 of the Dungeon)
  4063 | D:8      | Reached skill level 11 in Unarmed Combat
  4235 | D:8      | Noticed a hippogriff
  4241 | D:8      | Killed a hippogriff
  4241 | D:8      | Reached XP level 9. HP: 62/80 MP: 8/8
  4537 | D:8      | Reached skill level 12 in Unarmed Combat
  4894 | D:9      | Found a stormy altar of Qazlal.
  4993 | D:9      | Found a snail-covered altar of Cheibriados.
  4999 | D:9      | Found a glowing golden altar of the Shining One.
  5000 | D:9      | Found a basalt altar of Yredelemnul.
  5017 | D:9      | Became a worshipper of Cheibriados the Contemplative
  5017 | D:9      | Reached * piety under Cheibriados
  5017 | D:9      | Reached ** piety under Cheibriados
  5197 | D:9      | Reached skill level 13 in Unarmed Combat
  5426 | D:9      | Reached skill level 14 in Unarmed Combat
  5577 | D:9      | Found a staircase to the Orcish Mines.
  5721 | D:9      | Noticed Erica
  5730 | D:9      | Killed Erica
  5730 | D:9      | Reached *** piety under Cheibriados
  5730 | D:9      | Reached XP level 10. HP: 59/88 MP: 9/9
  5910 | D:10     | Entered Level 10 of the Dungeon
  6229 | D:10     | Reached skill level 1 in Armour
  6234 | D:10     | Noticed Psyche
  6245 | D:10     | Killed Psyche
  6245 | D:10     | Reached **** piety under Cheibriados
  6278 | D:10     | Noticed Josephine
  6297 | D:10     | Killed Josephine
  6297 | D:10     | Reached skill level 5 in Dodging
  6431 | D:10     | Reached XP level 11. HP: 94/94 MP: 10/10
  6997 | D:11     | Reached ***** piety under Cheibriados
  7068 | D:11     | Found a staircase to the Lair.
  7114 | D:11     | Reached skill level 1 in Invocations
  7291 | D:11     | Noticed a skeletal warrior
  7293 | D:11     | Noticed a skeletal warrior
  7297 | D:11     | Killed a skeletal warrior
  7298 | D:11     | Noticed a skeletal warrior
  7304 | D:11     | Killed a skeletal warrior
  7306 | D:11     | Noticed a skeletal warrior
  7308 | D:11     | Killed a skeletal warrior
  7328 | D:11     | HP: 3/94 [skeletal warrior/scimitar (9)]
  7340 | D:11     | Slain by a skeletal warrior

Vault maps used:
D:1:      kennysheep_arrival_forest, interstate_on_off, minmay_splitting_lines
D:2:      kennysheep_generic_room_10
D:3:      gammafunk_temple_overflow_claw, ebering_ghost_disaster_area
D:4:      serial_glass, glass_columns_a, glass_columns_a, serial_shops, shop,
          shop, first_ration, uniq_menkaure
D:5:      basic_altar
D:6:      minmay_temple_entry_trees, serial_shops, kennysheep_little_box,
          basic_altar, corexii_leaking_fountain
D:9:      overflow_temple_1_default, gammafunk_temple_overflow_forgotten,
          david_orc_4, grunt_pizzeria, hangedman_decor_points, uniq_erica
D:10:     uniq_psyche, uniq_josephine
D:11:     lair_entry_dummy

Skill      XL: |  1  2  3  4  5  6  7  8  9 10 11 |
---------------+----------------------------------+-----
Unarmed Combat | 4 5 6 8 9 11 14 | 14.6
Dodging        | 5 7 |  7.3
Armour         | 4 |  4.3
Invocations    | 4 |  4.5
Fighting       | |  2.4
Stealth        | |  1.0

Action                   |  1- 3 |  4- 6 |  7- 9 | 10-12 || total
-------------------------+-------+-------+-------+-------++-------
Melee: Unarmed           |    75 |   103 |   280 |   229 ||   687
       Punch             |     1 |     2 |    20 |    19 ||    42
Evoke: Wand              |       |       |     1 |       ||     1
  Use: Scroll            |     2 |     2 |     8 |     2 ||    14
       Potion            |       |       |     2 |     5 ||     7
 Stab: Sleeping          |     3 |     2 |     4 |     6 ||    15
       Paralysed         |       |       |     2 |       ||     2
       Distracted        |       |       |       |     1 ||     1
  Eat: Chunk             |    10 |     8 |    33 |    11 ||    62
       Ration            |       |       |     1 |       ||     1
Armor: Robe              |    24 |    29 |    77 |    12 ||   142
       Troll leather arm |       |       |       |    50 ||    50
Dodge: Dodged            |    34 |    45 |   116 |   116 ||   311

Table legend:
 A = Non-vault XP
 B = Vault XP
 C = Vault XP percentage of total XP
 D = Non-vault monster count
 E = Vault monster count
 F = Vault count percentage of total count
                 A         B        C        D         E       F
            +---------+---------+-------+---------+---------+-------
      Total |   12973 |    4455 |  25.6 |     204 |      29 |  12.4
            +---------+---------+-------+---------+---------+-------
        D:1 |      15 |       0 |   0.0 |       9 |       0 |   0.0
        D:2 |      67 |      14 |  17.3 |      15 |       2 |  11.8
        D:3 |      57 |      57 |  50.0 |      20 |       1 |   4.8
        D:4 |     434 |     172 |  28.4 |      11 |       1 |   8.3
        D:5 |     589 |       0 |   0.0 |      16 |       0 |   0.0
        D:6 |     198 |       0 |   0.0 |       6 |       0 |   0.0
        D:8 |    1321 |       0 |   0.0 |      23 |       0 |   0.0
        D:9 |    1584 |    1869 |  54.1 |      22 |      19 |  46.3
       D:10 |    2705 |    2343 |  46.4 |      39 |       6 |  13.3
       D:11 |    6003 |       0 |   0.0 |      43 |       0 |   0.0
            +---------+---------+-------+---------+---------+-------
